 Dungeon Crawl Stone Soup version 0.30-a0-210-g01b79a254e (webtiles) character file.

Game seed: 2080076560163730998

625 bande the Chopper (level 7, -2/66 HPs)
             Began as a Gargoyle Fighter on Oct 4, 2022.
             Slain by a wight
             ... wielding a +3 dagger
              (5 damage)
             ... on level 4 of the Dungeon.
             The game lasted 00:07:40 (3392 turns).

bande the Chopper (Gargoyle Fighter)                Turns: 3392, Time: 00:07:42

Health: -2/66      AC: 27    Str: 19    XL:     7   Next: 47%
Magic:  7/7        EV:  2    Int:  9    God:
Gold:   183        SH:  4    Dex: 11    Spells: 6/6 levels left

rFire   . . .      SeeInvis .    a - +0 war axe
rCold   . . .      Faith    .    c - +0 buckler
rNeg    + . .      Spirit   .    (body armour currently unavailable)
rPois   ∞          Reflect  .    (helmet currently unavailable)
rElec   .          Harm     .    (cloak currently unavailable)
rCorr   .          Rampage  .    (gloves currently unavailable)
Will    .....      NoTele   +    (boots currently unavailable)
Stlth   +.........               (no amulet)
HPRegen 0.31/turn                h - +4 ring of protection
MPRegen 0.10/turn                t - +4 ring of evasion

@: tree-form
A: stationary, stasis, torment immunity, boosted hp, sickness immunity, AC +4,
negative energy resistance 1, (electricity resistance), torment resistance 1,
petrification resistance
a: no special abilities


You were on level 4 of the Dungeon.
You were a tree.
You visited 1 branch of the dungeon, and saw 4 of its levels.

You collected 183 gold pieces.

Inventory:

Hand Weapons
 a - a +0 war axe (weapon)
Armour
 c - a +0 buckler (worn)
 f - a scarf of resistance (melded)
 g - a +0 plate armour (melded)
 l - the +0 pair of gloves of Abstinence (melded) {+Blink Slay+2}
   (You found it on level 2 of the Dungeon)

   Slay:      It affects your accuracy & damage with ranged weapons and melee
   (+2).
   +Blink:    It lets you blink.
 m - a +1 scale mail of cold resistance
 s - a +0 cloak of stealth
 x - a +1 helmet (melded)
Jewellery
 h - a +4 ring of protection (left branch)
 t - a +4 ring of evasion (right branch)
Wands
 u - a wand of flame (16)
Potions
 d - a potion of might
 e - a potion of brilliance {unknown}
 i - 3 potions of berserk rage
 j - a potion of mutation {unknown}
 k - a potion of haste
 o - a potion of cancellation {unknown}
 r - a potion of attraction {unknown}


   Skills:
 + Level 4.4 Fighting
 + Level 5.1 Axes
 + Level 4.7 Armour
 + Level 4.0 Shields
 * Level 2.6 Evocations


You had 6 spell levels left.
You didn't know any spells.
Your spell library contained the following spells:

 Spells                   Type           Power      Damage    Failure   Level
 Magic Dart               Conj           0%         1d3       45%         1
 Shock                    Conj/Air       0%         1d3       45%         1
 Searing Ray              Conj           0%         2d4       61%         2
 Swiftness                Air            0%         N/A       83%         3
 Airstrike                Air            0%         2d(0-16)  99%         4
 Fulminant Prism          Conj/Hex       0%         3d6       99%         4


Dungeon Overview and Level Annotations

Branches:
Dungeon (4/15)
 Temple: D:4-7

Altars:
Hepliaklqana
Nemelex Xobeh
Uskayaw


Innate Abilities, Weirdness & Mutations

You are a tree.
Your roots penetrate the ground, keeping you stationary.
You cannot be teleported.
You are immune to unholy pain and torment.
Your maximum health is greatly increased.
Your equipment is partially melded.
You are immune to sickness and miasma.
((Your stone body is resilient. (AC +4)))
You are immune to poison.
You resist negative energy. (rN+)
((You are resistant to electric shocks. (rElec)))
You are resistant to unholy torment.
You are immune to petrification.


Message History

You hit the wight. You block the wight's attack.
The wight hits you from afar with a +0 spear.
* * * LOW HITPOINT WARNING * * *
The wight hits you but does no damage.
You hit the wight.
The wight is almost destroyed.
You hit the wight but do no damage.
The wight hits you but does no damage. x3
You hit the wight.
You destroy the wight!
You hit the wight. The wight hits you but does no damage.
The wight completely misses you. You block the wight's attack.
The wight hits you but does no damage. The wight closely misses you.
The wight hits you but does no damage.
Things that are here:
a +0 war axe; a +0 robe The wight hits you but does no damage. x2
You hit the wight.
The wight is lightly damaged.
You barely miss the wight. The wight hits you with a +3 dagger.
* * * LOW HITPOINT WARNING * * *
The wight hits you but does no damage.
You slash the wight!
The wight is severely damaged.
You hit the wight. The wight hits you but does no damage.
The wight hits you with a +0 spear!
* * * LOW HITPOINT WARNING * * *
The wight hits you but does no damage. The wight hits you with a +3 dagger.
* * * LOW HITPOINT WARNING * * *
You barely miss the wight.
The wight is severely damaged.
You closely miss the wight. The wight barely misses you.
The wight hits you but does no damage.
It was a potion of lignification.
You turn into a tree.
Your scarf of resistance melds into your body.
Your +1 helmet melds into your body.
The +0 pair of gloves of Abstinence {+Blink Slay+2} melds into your body.
Your +0 plate armour melds into your body.
You feel hot and cold all over.
Your roots penetrate the ground.
The wight hits you with a +3 dagger.
You die...

########
############.......
###............)z######.
.........[.."..)♣.......
.##............z.#######
.##......#####.#.#
.#######.# #.#.# .# #.#
#.#.# .# ... ..#.# .#
.........#.# .#
#........##.# .#
#...:....#


You could see 2 wights.

Vanquished Creatures
  Menkaure (D:4)
  An orc warrior (D:3)
  2 wights (D:4)
  An orc priest (D:4)
  A hound (D:4)
  Crazy Yiuf (D:2)
  An orc wizard (D:3)
  Terence (D:2)
  Robin (D:3)
  7 adders
  A worm (D:3)
  2 dart slugs
  9 orcs
  5 endoplasms
  5 giant cockroaches
  11 goblins
  8 hobgoblins
  4 jackals (D:2)
  6 kobolds
  6 quokkas
  7 ball pythons
  5 bats
  2 frilled lizards (D:3)
  11 rats
99 creatures vanquished.

Vanquished Creatures (others)
  3 fungi (D:2)
3 creatures vanquished.

Grand Total: 102 creatures vanquished

Notes
Turn   | Place    | Note
-------+----------+-------------------------------------------
     0 | D:1      | bande the Gargoyle Fighter began the quest for the Orb.
     0 | D:1      | Reached XP level 1. HP: 14/14 MP: 1/1
    87 | D:1      | Found a faded altar of an unknown god.
   136 | D:1      | Reached XP level 2. HP: 19/19 MP: 2/2
   270 | D:1      | You fall into a shaft and drop 1 floor!
   552 | D:1      | Reached skill level 2 in Axes
   792 | D:2      | Reached XP level 3. HP: 23/23 MP: 3/3
   815 | D:2      | Identified the +0 pair of gloves of Abstinence {+Blink
                  | Slay+2}
   912 | D:2      | Noticed Terence
   928 | D:2      | Killed Terence
   929 | D:2      | Reached XP level 4. HP: 23/29 MP: 4/4
  1088 | D:2      | Reached skill level 3 in Axes
  1088 | D:2      | Reached skill level 1 in Evocations
  1270 | D:2      | Reached XP level 5. HP: 33/33 MP: 5/5
  1324 | D:2      | Found a runed translucent door.
  1325 | D:2      | Noticed Crazy Yiuf
  1336 | D:2      | Killed Crazy Yiuf
  1838 | D:3      | Found a sparkling altar of Nemelex Xobeh.
  1933 | D:3      | Noticed Robin
  1963 | D:3      | Killed Robin
  2054 | D:3      | Found a hazy altar of Hepliaklqana.
  2267 | D:3      | Identified the +2 robe "Past" {Fly rC- rN+ Dex+2}
  2505 | D:4      | Reached XP level 6. HP: 38/38 MP: 6/6
  2556 | D:4      | Found a hide-covered altar of Uskayaw.
  2567 | D:4      | Noticed an orc warrior
  2572 | D:4      | Noticed Menkaure
  2624 | D:3      | Killed an orc warrior
  2625 | D:3      | Reached skill level 4 in Axes
  3151 | D:4      | Killed Menkaure
  3152 | D:4      | Reached XP level 7. HP: 21/44 MP: 7/7
  3380 | D:4      | Reached skill level 5 in Axes
  3390 | D:4      | HP: 2/44 [wight/+0 spear (7)]
  3392 | D:4      | Slain by a wight

Illustrated notes

Levels and vault maps discovered:
D:1:      heliophobic_arrival_enchanted_forest, layout_basic,
          shapermc_ecumenical_altar_venn, kennysheep_decorative_pillar
D:2:      layout_basic, feat_on_display, uniq_terence, uniq_crazy_yiuf_cottage
D:3:      layout_basic, mainiacjoe_overflow_tiny_flanked,
          nzn_hepliaklqana_mist_gate, nicolae_titane, uniq_robin
D:4:      layout_basic, lemuel_crystal_altar, uniq_blork_the_orc, uniq_menkaure

Skill      XL: |  1  2  3  4  5  6  7 |
---------------+----------------------+-----
Axes           | 2 3 4 5 |  5.1
Armour         | 4 |  4.7
Evocations     | 1 2 |  2.6
Fighting       | 4 |  4.4
Shields        | 4 |  4.0

Action                   |  1- 3 |  4- 6 |  7- 9 || total
-------------------------+-------+-------+-------++-------
Melee: War axe           |    89 |   187 |    19 ||   295
  Use: Scroll            |       |     8 |       ||     8
       Potion            |       |       |     1 ||     1
Armor: Scale mail        |    69 |     3 |       ||    72
       Chain mail        |       |   119 |       ||   119
       Plate armour      |       |     9 |    23 ||    32
Dodge: Dodged            |    45 |    85 |    21 ||   151
Block: Buckler           |    25 |    42 |     8 ||    75

Table legend: (Time is in decaauts)
 A = Elapsed time spent in this place.
 B = Non-inter-level travel time spent in this place.
 C = Inter-level travel time spent in this place.
 D = Time resting spent in this place.
 E = Time spent auto-exploring this place.
 F = Levels seen in this place.
 G = Mean time per level.
                   A        B        C        D        E       F      G
               +--------+--------+--------+--------+--------+-----+--------+
         Total |   3493 |   3383 |    110 |    772 |   1708 |   4 |  873.2 |
       Dungeon |   3493 |   3383 |    110 |    772 |   1708 |   4 |  873.2 |
               +--------+--------+--------+--------+--------+-----+--------+

Top non-repeatable levels by time:
     D:3: 1411 daAuts
     D:1: 804 daAuts
     D:2: 793 daAuts
     D:4: 484 daAuts
